 Dungeon Crawl Stone Soup version 0.27-a0-1232-gc6a4cbde82 (webtiles) character file.

Game seed: 8102171681735291415

48 patchburns1 the Magician (level 4, -2/32 HPs)
             Began as a Djinni Hedge Wizard on June 7, 2021.
             Slain by a gnoll
             ... wielding a +0 club
              (5 damage)
             ... on level 3 of the Dungeon on June 8, 2021.
             The game lasted 00:11:43 (2833 turns).

patchburns1 the Magician (Djinni Hedge Wizard)      Turns: 2833, Time: 00:11:46

Health: -2/32      AC:  4    Str:  9    XL:     4   Next: 0%
Gold:   95         EV: 12    Int: 16    God:
                   SH:  0    Dex: 13

rFire    + + +     SeeInvis .   g - +0 quarterstaff
rCold    . . .     Faith    .   (shield currently unavailable)
rNeg     . . .     Spirit   .   b - +0 robe
rPois    ∞         Reflect  .   c - +1 hat
rElec    .         Harm     .   e - scarf {rC+ rF+}
rCorr    .         Rampage  .   f - +0 pair of gloves
Will     .....                  (boots unavailable)
Stlth    ++........             (no amulet)
HPRegen  0.10/turn              (no ring)
MPRegen  0.00/turn              (no ring)

@: flying, very slightly contaminated
A: sickness immunity, fire resistance 2, cold vulnerability 1, float, innate
caster, hp casting, extra vitality 1
a: no special abilities


You were on level 3 of the Dungeon.
You visited 1 branch of the dungeon, and saw 3 of its levels.

You collected 95 gold pieces.

Inventory:

Hand Weapons
 a - a +0 dagger
 g - a +0 quarterstaff (weapon)
Missiles
 k - 28 bolts
 l - 44 arrows
 o - 19 stones
 q - 24 sling bullets
Armour
 b - a +0 robe (worn)
 c - a +1 hat (worn)
 e - a scarf of resistance (worn)
 f - a +0 pair of gloves (worn)
 p - a +0 kite shield
 r - a +0 buckler
Jewellery
 d - a ring of resist corrosion
 m - a +4 ring of protection
Scrolls
 h - a scroll of teleportation
 i - a scroll of identify
Potions
 j - 2 potions of curing {unknown}
 n - a potion of might {unknown}
 s - a potion of brilliance {unknown}
 t - a potion of attraction {unknown}


   Skills:
 * Level 1.2 Fighting
 + Level 0.2 Staves
 + Level 2.5 Dodging
 + Level 1.8 Stealth
 + Level 0.2 Shields
 * Level 2.7 Spellcasting
 + Level 0.8 Invocations
 + Level 0.9 Evocations


You couldn't memorise any spells.
You knew the following spells:

 Your Spells              Type           Power      Damage    Failure   Level
a - Magic Dart            Conj           40%        1d5       6%          1
b - Blink                 Tloc           N/A        N/A       10%         2
c - Call Imp              Summ           10%        N/A       10%         2
d - Slow                  Hex            10%        N/A       10%         2
e - Conjure Flame         Conj/Fire      10%        6-21      19%         3
f - Mephitic Cloud        Conj/Pois/Air  10%        N/A       19%         3
g - Summon Small Mammal   Summ           40%        N/A       6%          1
Your spell library was empty.

Dungeon Overview and Level Annotations

Branches:
Dungeon (3/15)

Altars:


Innate Abilities, Weirdness & Mutations

You are immune to sickness and miasma.
You are immune to poison.
Your flesh is very heat resistant. (rF++)
You are vulnerable to cold. (rC-)
You float through the air rather than walking.
You learn spells naturally, not from books.
Your magical power is your life essence.
You have superior vitality. (+4 HP)


Message History

Your crimson imp hits the endoplasm.
Your crimson imp hits the endoplasm.
The endoplasm dies!
Your crimson imp closely misses the gnoll.
Your crimson imp disappears in a puff of smoke!
Found a scroll labelled HIADYTHR UMMYBY.
A quokka comes into view.
The quokka misses you.
You see here a scroll labelled LEEH GUMIJ.
You barely miss the quokka. The quokka misses you.
The quokka completely misses you.
You hit the quokka but do no damage. The quokka barely misses you.
You hit the quokka.
You kill the quokka!
You sock the gnoll!
You kill the gnoll!
You have reached level 4!
You feel agile.
You sock the gnoll!
The gnoll is heavily wounded.
The gnoll hits you with a +0 club.
You hit the gnoll but do no damage.
The gnoll is heavily wounded.
The gnoll hits you but does no damage. The gnoll hits you with a +0 club.
You closely miss the gnoll.
The gnoll is heavily wounded.
The gnoll hits you with a +0 club.
You completely miss the gnoll.
The gnoll is heavily wounded.
The gnoll hits you with a +0 club.
* * * LOW HITPOINT WARNING * * *
You see here 7 gold pieces.
Casting: Magic Dart (safe; 6% risk of failure)
Confirm with . or Enter, or press ? or * to list all spells.
You miscast Blink.
You are very lightly contaminated with residual magic.
Nothing appears to happen.
* * * LOW HITPOINT WARNING * * *
The gnoll hits you with a +0 club.
You die...

#### ..# #### #.#######
?.. ###.......######.#
#...g.###........#
#.##.#$#@.##.##.##.##
#....)?#........##.#
####.#.#..##.#####g#
#.#.......#####.#
.######.#.#.##........#
........#.#.##.##.....#
........#.#...........#
.............#.##.....#
.#####.##.##.#.##.....#


You could see a gnoll.

Vanquished Creatures
  2 gnolls (D:3)
  2 worms (D:2)
  2 endoplasms (D:1)
  A giant cockroach (D:1)
  4 hobgoblins
  3 kobolds
  A quokka (D:3)
  A ball python (D:1)
  2 bats (D:1)
  2 frilled lizards (D:1)
  4 goblins
  4 rats
28 creatures vanquished.

Vanquished Creatures (collateral kills)
  An endoplasm (D:3)
1 creature vanquished.

Grand Total: 29 creatures vanquished

Notes
Turn   | Place    | Note
-------+----------+-------------------------------------------
     0 | D:1      | patchburns1 the Djinni Hedge Wizard began the quest for the
                  | Orb.
     0 | D:1      | Reached XP level 1. HP: 15/15 MP: 0/0
   225 | D:1      | Found a faded altar of an unknown god.
   716 | D:1      | Reached XP level 2. HP: 1/22 MP: 0/0
  2044 | D:2      | Reached skill level 1 in Fighting
  2130 | D:2      | Reached XP level 3. HP: 21/27 MP: 0/0
  2130 | D:2      | Learned a level 1 spell: Summon Small Mammal
  2281 | D:2      | Upgraded the game from 0.27-a0-1228-gfd60fd639a to
                  | 0.27-a0-1232-gc6a4cbde82
  2826 | D:3      | Reached XP level 4. HP: 17/32 MP: 0/0
  2833 | D:3      | Slain by a gnoll

Illustrated notes

Levels and vault maps discovered:
D:1:      roderic_chinese_lattice_arrival, layout_basic,
          hellmonk_ecumenical_altar_run_dry
D:2:      layout_basic
D:3:      layout_loops_cross, nemelex_diamond_rough_becter

Skill      XL: |  1  2 |
---------------+-------+-----
Fighting       | 1 |  1.2
Staves         | |  0.2
Dodging        | |  2.5
Stealth        | |  1.8
Shields        | |  0.2
Spellcasting   | |  2.7
Invocations    | |  0.8
Evocations     | |  0.9

Action                   |  1- 3 |  4- 6 || total
-------------------------+-------+-------++-------
Melee: Dagger            |     5 |       ||     5
       Quarterstaff      |    27 |     4 ||    31
 Cast: Magic Dart        |    49 |       ||    49
       Call Imp          |     2 |       ||     2
       Blink             |     1 |       ||     1
  Use: Scroll            |     3 |       ||     3
 Stab: Sleeping          |     1 |       ||     1
Armor: Robe              |     4 |     1 ||     5
Dodge: Dodged            |    18 |       ||    18

Table legend: (Time is in decaauts)
 A = Elapsed time spent in this place.
 B = Non-inter-level travel time spent in this place.
 C = Inter-level travel time spent in this place.
 D = Time resting spent in this place.
 E = Time spent auto-exploring this place.
 F = Levels seen in this place.
 G = Mean time per level.
                   A        B        C        D        E       F      G
               +--------+--------+--------+--------+--------+-----+--------+
         Total |   2841 |   2575 |    266 |    777 |   1347 |   3 |  947.0 |
       Dungeon |   2841 |   2575 |    266 |    777 |   1347 |   3 |  947.0 |
               +--------+--------+--------+--------+--------+-----+--------+

Top non-repeatable levels by time:
     D:1: 1948 daAuts
     D:2: 804 daAuts
     D:3: 88 daAuts
